 Dungeon Crawl Stone Soup version 0.21.1-1-g345015fe64 (webtiles) character file.

94 Kholdaimon the Chopper (level 4, -3/40 HPs)
             Began as a Minotaur Fighter on June 16, 2018.
             Killed by nerve-wracking pain
             ... invoked by an orc priest
              (8 damage)
             ... on level 3 of the Dungeon.
             The game lasted 00:12:40 (1666 turns).

Kholdaimon the Chopper (Minotaur Fighter)           Turns: 1666, Time: 00:12:41

Health: -3/40      AC:  9    Str: 21    XL:     4   Next: 38%
Magic:  3/3        EV:  5    Int:  5    God:
Gold:   123        SH: 10    Dex: 10    Spells: 3/3 levels left

rFire    . . .     SeeInvis .   a - +0 war axe
rCold    . . .     Gourm    .   c - +1 shield
rNeg     . . .     Faith    .   k - +0 chain mail
rPois    .         Spirit   .   (helmet restricted)
rElec    .         Reflect  .   (no cloak)
rCorr    .         Harm     .   (no gloves)
MR       .....                  (no boots)
Stlth    ..........             (no amulet)
HPRegen  0.13/turn              (no ring)
MPRegen  0.08/turn              (no ring)

@: no status effects
A: retaliatory headbutt, horns 2
a: no special abilities


You were on level 3 of the Dungeon.
You were hungry.

You visited 1 branch of the dungeon, and saw 3 of its levels.

You collected 123 gold pieces.

Inventory:

Hand Weapons
 a - a +0 war axe (weapon)
 t - a +1 hand crossbow of freezing
Armour
 c - a +1 shield (worn)
 k - a +0 chain mail (worn)
Scrolls
 e - 3 scrolls of remove curse
Potions
 b - 2 potions of lignification
 d - a potion of might
 i - a potion of berserk rage {unknown}
 l - a potion of flight {unknown}
 m - a potion of cancellation {unknown}
 n - a potion of heal wounds {unknown}
 q - a potion of curing {unknown}
Comestibles
 f - 3 rations
 o - 9 chunks of flesh


   Skills:
 + Level 4.2 Fighting
 * Level 4.4 Axes
 + Level 4.1 Armour
 - Level 0.2 Dodging
 * Level 4.0 Shields


You had 3 spell levels left.
You didn't know any spells.

Dungeon Overview and Level Annotations

Branches:
Dungeon (3/15)

Altars:


Innate Abilities, Weirdness & Mutations

You reflexively headbutt those who attack you in melee.
You have a pair of horns on your head.


Message History

The orc priest is moderately wounded.
You block the orc priest's attack.
You closely miss the orc priest. Your headbutt misses the orc priest.
The orc priest is moderately wounded.
You block the orc priest's attack.
The orc priest hits you but does no damage.
You hit the orc priest but do no damage.
The orc priest is lightly wounded.
You block the orc priest's attack.
You closely miss the orc priest.
The orc priest is lightly wounded.
The orc priest hits you but does no damage.
You barely miss the orc priest. Your headbutt misses the orc priest.
The orc priest is lightly wounded.
The orc priest miscasts a cantrip.
You barely miss the orc priest.
The orc priest is lightly wounded.
The orc priest mumbles some strange prayers to Beogh against you.
Pain shoots through your body!
You die...

#....###.#####
#.# .#
####..........
#.. .#
##.##...#####
### .#
#.....#......
#..##...##
#..###...# #..#
###.# #..# #)#
#..#####@###..#
#......o.......#
#..####.####.#.#
... ##.## #.#
#.# ... ###


You could see an orc priest.

Vanquished Creatures
  A worker ant (D:2)
  An adder (D:2)
  An ooze (D:1)
  A dart slug (D:1)
  A leopard gecko (D:2)
  2 orcs (D:3)
  4 giant cockroaches (D:1)
  8 goblins
  3 hobgoblins
  4 jackals (D:1)
  6 bats
  5 frilled lizards
  7 kobolds
  6 rats
50 creatures vanquished.

Notes
Turn   | Place    | Note
-------+----------+-------------------------------------------
     0 | D:1      | Kholdaimon the Minotaur Fighter began the quest for the Orb.
     0 | D:1      | Reached XP level 1. HP: 19/19 MP: 0/0
   126 | D:1      | Reached XP level 2. HP: 25/27 MP: 1/1
   434 | D:1      | Reached XP level 3. HP: 33/33 MP: 2/2
   946 | D:2      | Reached XP level 4. HP: 25/40 MP: 3/3
  1666 | D:3      | Killed from afar by an orc priest

Skill      XL: |  1  2  3 |
---------------+----------+-----
Fighting       | 4 |  4.2
Axes           | 3 4 |  4.4
Armour         | 4 |  4.1
Shields        | 4 |  4.0
Dodging        | |  0.2

Action                   |  1- 3 |  4- 6 || total
-------------------------+-------+-------++-------
Melee: War axe           |    73 |    43 ||   116
       Headbutt          |     9 |     6 ||    15
  Use: Scroll            |       |     7 ||     7
  Eat: Chunk             |       |     2 ||     2
Armor: Scale mail        |    33 |       ||    33
       Chain mail        |    11 |    12 ||    23
Dodge: Dodged            |    20 |     4 ||    24
Block: Shield            |    36 |    23 ||    59
